 Dungeon Crawl Stone Soup version 0.25-a0-1057-gcb8d101 (webtiles) character file.

Game seed: 15140705506384063857, levelgen mode: deterministic

233 Ceann the Chiller (level 6, -1/36 HPs)
             Began as an Octopode Ice Elementalist on May 13, 2020.
             Killed from afar by an orc wizard (9 damage)
             ... with a puff of frost
             ... on level 4 of the Dungeon.
             The game lasted 00:07:16 (2760 turns).

Ceann the Chiller (Octopode Ice Elementalist)       Turns: 2760, Time: 00:07:16

Health: -1/36      AC:  1    Str:  7    XL:     6   Next: 4%
Magic:  8/11       EV: 13    Int: 20    God:
Gold:   146        SH:  4    Dex: 12    Spells: 4/12 levels left

rFire    . . .     SeeInvis .   (no weapon)
rCold    . . .     Gourm    .   k - +0 buckler (curse)
rNeg     . . .     Faith    .   (helmet restricted)
rPois    .         Spirit   .   m - amulet of magic regeneration
rElec    .         Reflect  .   (no ring)
rCorr    .         Harm     .   (no ring)
MR       .....                  (no ring)
Stlth    +++.......             (no ring)
HPRegen  0.12/turn              (no ring)
MPRegen  0.37/turn              (no ring)
                                (no ring)
                                (no ring)

@: frozen ramparts
A: almost no armour, stealthy swim, amphibious, 8 rings, constrict 8, camouflage
1, gelatinous body 1
a: no special abilities


You were on level 4 of the Dungeon.
You were not hungry.

You visited 1 branch of the dungeon, and saw 4 of its levels.

You collected 146 gold pieces.

Inventory:

Armour
 k - a cursed +0 buckler (worn)
Jewellery
 m - an amulet of magic regeneration (around mantle)
Scrolls
 d - 3 scrolls of identify {unknown}
 e - 6 scrolls of teleportation {unknown}
 f - 4 scrolls of remove curse {unknown}
 g - 2 scrolls of fear {unknown}
 h - a scroll of magic mapping {unknown}
 i - a scroll of blinking {unknown}
 l - 2 scrolls of fog {unknown}
Potions
 a - a potion of brilliance {unknown}
 c - 4 potions of curing {unknown}
 n - a potion of haste {unknown}
Comestibles
 b - 10 rations
 j - 2 chunks of flesh


   Skills:
 + Level 2.1 Dodging
 + Level 3.6 Stealth
 * Level 1.4 Shields
 + Level 3.5 Spellcasting
 + Level 5.6 Ice Magic


You had 4 spell levels left.
You knew the following spells:

 Your Spells              Type           Power        Failure   Level  Hunger
a - Freeze                Ice            ####         1%          1    None
e - Frozen Ramparts       Ice            ####..       5%          3    ###....
o - Summon Ice Beast      Ice/Summ       ##......     50%         4    ####...

Your spell library contained the following spells:

 Spells                   Type           Power        Failure   Level  Hunger
 Ozocubu's Armour         Chrm/Ice       ##......     17%         3    ###....
 Hailstorm                Conj/Ice       ##......     50%         4    ####...


Dungeon Overview and Level Annotations

Branches:
Dungeon (4/15)
 Temple: D:4-7

Altars:
Kikubaaqudgha
Nemelex Xobeh
Trog

Shops:
D:4 [


Innate Abilities, Weirdness & Mutations

You cannot wear most types of armour.
You are very stealthy in the water. (Stealth+)
You are amphibious.
You can wear up to eight rings at the same time.
You can use your tentacles to constrict eight enemies at once.
Your skin changes colour to match your surroundings (Stealth+).
Your rubbery body absorbs attacks. (AC +1, EV +1)


Message History

A magic dart appears from out of thin air!
The magic dart hits you.
The wall freezes something.
Reactivating autopickup.
You have reached level 6!
Your experience leads to an increase in your attributes!
Increase (S)trength, (I)ntelligence, or (D)exterity?
You feel clever.
You feel a bit more experienced.
An orc wizard comes into view. It is wielding a +0 dagger.
The frozen ramparts melt away.
Casting: Frozen Ramparts (dangerous; 5% risk of failure)
Confirm with . or Enter, or press ? or * to list all spells.
The walls around you are covered in ice.
The orc wizard casts a spell at you. The magic dart hits you!
* * * LOW HITPOINT WARNING * * *
The orc wizard gestures at you while chanting.
The puff of frost hits you!
You die...

#.. #........... ..#
#..........# ..#
###...%.o#.. ##...#
####...... .#..# ###
###....... ....###
#.#####.)...####
......### #.##.oo..####
........##
####....#####
.........######.@..####
...........#...#####
............####
.............##
..............#
..............##
...............#
...^...........#
..............##


You could see 2 orc wizards.

Vanquished Creatures
  An ogre (D:4)
  An orc wizard (D:4)
  5 adders
  2 oozes
  3 worms (D:2)
  A dart slug (D:2)
  4 leopard geckos
  3 orcs
  2 ball pythons
  2 giant cockroaches
  8 hobgoblins
  3 kobolds
  A quokka (D:4)
  3 bats
  6 frilled lizards
  4 goblins
  A jackal skeleton (D:4)
  7 rats
57 creatures vanquished.

Notes
Turn   | Place    | Note
-------+----------+-------------------------------------------
     0 | D:1      | Ceann the Octopode Ice Elementalist began the quest for the
                  | Orb.
     0 | D:1      | Reached XP level 1. HP: 11/11 MP: 3/3
   242 | D:1      | Reached XP level 2. HP: 17/17 MP: 1/5
   594 | D:1      | Found a sparkling altar of Nemelex Xobeh.
   610 | D:1      | Reached XP level 3. HP: 19/21 MP: 0/6
   615 | D:1      | Learned a level 3 spell: Frozen Ramparts
  1019 | D:2      | Noticed a moth of wrath
  1022 | D:2      | Found a bloodstained altar of Trog.
  1328 | D:2      | Reached XP level 4. HP: 27/27 MP: 1/7
  1392 | D:2      | Reached skill level 5 in Ice Magic
  2190 | D:3      | Found an ancient bone altar of Kikubaaqudgha.
  2470 | D:4      | Found Qosuext's Antique Armour Shoppe.
  2504 | D:4      | Noticed an ogre
  2528 | D:4      | Killed an ogre
  2528 | D:4      | Reached skill level 1 in Shields
  2528 | D:4      | Reached XP level 5. HP: 31/31 MP: 5/9
  2544 | D:4      | Learned a level 4 spell: Summon Ice Beast
  2752 | D:4      | Reached XP level 6. HP: 18/36 MP: 8/11
  2760 | D:4      | Killed from afar by an orc wizard

Illustrated notes

Levels and vault maps discovered:
D:1:      nzn_arrival_settlement, layout_basic,
          nemelex_xobeh_ov_fountains_minmay
D:2:      layout_loops_ring, tgw_trog
D:3:      layout_rooms, kiku_gazebo_pond_becter, first_ration
D:4:      layout_cave_pods, minmay_temple_entry_large_hall, serial_shops,
          kennysheep_mini

Skill      XL: |  1  2  3  4 |
---------------+-------------+-----
Stealth        | 3 |  3.6
Ice Magic      | 5 |  5.6
Shields        | 1 |  1.4
Spellcasting   | 3 |  3.5
Dodging        | |  2.1

Action                   |  1- 3 |  4- 6 || total
-------------------------+-------+-------++-------
Melee: Unarmed           |     4 |     1 ||     5
       Constrict         |     2 |       ||     2
       Tentacles         |     1 |       ||     1
 Cast: Freeze            |    36 |    32 ||    68
       Frozen Ramparts   |     6 |     8 ||    14
  Eat: Chunk             |     2 |     5 ||     7
Armor: Skin              |     7 |     5 ||    12
Dodge: Dodged            |    25 |    23 ||    48

Table legend:
 A = Non-vault XP
 B = Vault XP
 C = Vault XP percentage of total XP
 D = Non-vault monster count
 E = Vault monster count
 F = Vault count percentage of total count
                 A         B        C        D         E       F
            +---------+---------+-------+---------+---------+-------
      Total |     320 |      13 |   3.9 |      52 |       5 |   8.8
            +---------+---------+-------+---------+---------+-------
        D:1 |      38 |       0 |   0.0 |      18 |       0 |   0.0
        D:2 |      66 |      13 |  16.5 |      15 |       5 |  25.0
        D:3 |      38 |       0 |   0.0 |      12 |       0 |   0.0
        D:4 |     178 |       0 |   0.0 |       7 |       0 |   0.0
            +---------+---------+-------+---------+---------+-------
